 Dungeon Crawl Stone Soup version bcrawl-1.27.7 (webtiles) character file.

Game seed: 6350981557771268217

296544 MisterOstroum the Cudgeler (level 9, -1/88 HPs)
             Began as a Grey Draconian Wanderer on Oct 25, 2020.
             Was a Priest of Elyvilon.
             Slain by an orc priest
             ... wielding a +0 club
              (3 damage)
             ... on level 7 of the Dungeon.
             The game lasted 00:17:49 (6425 turns).

MisterOstroum the Cudgeler (DrWn)                   Turns: 6425, Time: 00:17:50

Health: -1/88      AC:  6    Str: 15    XL:     9   Next: 55%
Magic:  7/12       EV: 11    Int: 14    God:    Elyvilon [***...]
Gold:   266        SH:  0    Dex: 12    Spells: 3/12 levels left

rFire    x . .     SeeInvis .     - Ice fists (freeze) (14.8)
rCold    + + +     Gourm    .   (shield currently unavailable)
rNeg     . . .     Faith    .   (armour unavailable)
rPois    +         Spirit   .   (helmet currently unavailable)
rElec    .         Reflect  .   (cloak currently unavailable)
rCorr    .         Harm     .   (gloves currently unavailable)
MR       ++...                  (boots currently unavailable)
Stlth    ++........             q - amulet of magic regeneration
HPRegen  0.24/turn              (no ring)
MPRegen  0.38/turn              (no ring)

@: ice-form, drained
A: large, (walk through water), unfitting armour, AC +12
a: End Transformation, Lesser Healing, Heal Other, Purification, Divine
Protection, Renounce Religion


You were on level 7 of the Dungeon.
You worshipped Elyvilon.
Elyvilon was most pleased with you.
You were hungry.
You were a creature of crystalline ice.
You visited 2 branches of the dungeon, and saw 8 of its levels.

You collected 371 gold pieces.
You spent 105 gold pieces at shops.

Inventory:

Hand Weapons
 a - a +1 whip of electrocution (melded)
 b - a +0 spear of freezing
 d - a +0 dagger
 n - a +0 shortbow
 r - a +2 war axe of freezing
 w - a +2 mace
 D - a +2 scimitar
 G - a +0 hunting sling
Missiles
 j - 187 javelins
 k - 1164 arrows
 m - 670 bolts
 p - 1177 stones
 s - 591 sling bullets
 C - 276 poisoned tomahawks (quivered)
Armour
 f - a scarf of repulsion (melded)
 o - a +0 pair of gloves (melded)
Jewellery
 q - an amulet of magic regeneration (around neck)
Wands
 B - a wand of polymorph (15)
Scrolls
 i - 3 scrolls of teleportation {@r3 !r}
 l - 3 scrolls of fog {unknown}
 t - 3 scrolls of enchant armour {unknown}
 y - 2 scrolls of enchant weapon
 z - a scroll of immolation
 F - a scroll of blinking {unknown}
 H - 2 scrolls of remove curse {@r2}
Potions
 c - a potion of flight
 g - 2 potions of lignification
 h - 2 potions of mutation
 u - 4 potions of heal wounds
 v - a potion of haste {unknown}
 x - a potion of ambrosia
 A - a potion of curing {@q1 !q}
Comestibles
 e - 15 rations {!d}
 E - 2 chunks of flesh


   Skills:
 - Level 5.5(4.7) Fighting
 - Level 7.3(6.5) Maces & Flails
 - Level 2.0(1.3) Polearms
 - Level 5.0(4.2) Dodging
 - Level 2.0(1.3) Stealth
 - Level 0.6(0.0) Unarmed Combat
 - Level 2.0(1.3) Spellcasting
   Level 2.0(1.3) Summonings
 + Level 5.9(5.1) Transmutations
 * Level 5.2(4.4) Ice Magic


You had 3 spell levels left.
You knew the following spells:

 Your Spells              Type           Power        Failure   Level  Hunger
a - Beastly Appendage     Tmut           ###...       3%          1    None
b - Sticks to Snakes      Tmut           ###.....     4%          2    ###....
c - Ice Form              Ice/Tmut       ##......     34%         4    ######.
d - Passwall              Tmut/Erth      #.......     14%         2    ###....

Your spell library contained the following spells:

 Spells                   Type           Power        Failure   Level  Hunger
 Animate Skeleton         Necr           N/A          26%         1    None
 Pain                     Necr           #.....       26%         1    None
 Spider Form              Tmut/Pois      #..          26%         3    #####..
 Regeneration             Chrm/Necr      #.........   61%         3    #####..
 Vampiric Draining        Necr           #.........   61%         3    #####..
 Blade Hands              Tmut           ###.......   65%         5    #######
 Animate Dead             Necr           N/A          95%         4    ######.
 Bolt of Draining         Conj/Necr      #.........   100%        5    #######


Dungeon Overview and Level Annotations

Branches:
Dungeon (7/12)             Temple (1/1) D:6
   Lair: D:7-9

Altars:
Dithmenos
Elyvilon
Lugonu
Makhleb
Nemelex Xobeh
Sif Muna
Trog
Vehumet
Xom
Yredelemnul
The Shining One

Shops:
D:5 !


Innate Abilities, Weirdness & Mutations

((You can walk through water.))
((Your dull iron-grey scales are very hard. (AC +12)))
You cannot fit into any form of body armour.
((You can survive without breathing.))
((You are cold-blooded and may be slowed by cold attacks.))


Message History

Your adder closely misses the orc warrior.
You hit the orc warrior.
The orc warrior is heavily wounded.
The orc hits you but does no damage.
Your adder bites the orc warrior but does no damage.
The orc warrior hits your adder with a +0 scimitar!
Your adder dies!
The orc priest calls down the wrath of Beogh upon you.
Beogh smites you!
Your ball python misses the orc warrior.
Your ball python grabs the orc warrior.
Your ball python constricts the orc warrior.
You catch the helpless orc warrior completely off-guard!
You hit the orc warrior.
The orc warrior is severely wounded.
The orc closely misses you.
Your ball python bites the orc warrior but does no damage. x2
Your ball python constricts the orc warrior.
The orc warrior barely misses your ball python.
You hit the orc warrior. You freeze the orc warrior.
The orc warrior is almost dead.
Your ball python bites the orc warrior but does no damage. x2
Your ball python constricts the orc warrior.
The orc hits you with a +0 hand axe.
You barely miss the orc warrior.
The orc warrior is almost dead.
The orc warrior hits you with a +0 scimitar!
Your ball python bites the orc warrior but does no damage. x2
Your ball python constricts the orc warrior.
You hit the orc warrior but do no damage.
The orc warrior is almost dead.
Your ball python bites the orc warrior but does no damage. x2
Your ball python constricts the orc warrior.
The orc warrior hits your ball python with a +0 scimitar!
Your ball python dies!
The orc warrior shouts!
You closely miss the orc warrior.
The orc warrior is almost dead.
Your ball python bites the orc warrior but does no damage.
Your ball python closely misses the orc warrior.
The orc warrior misses you.
The hippogriff flaps its wings!
You are blown backwards!
Your ball python is blown away by the wind.
You punch the hippogriff! You freeze the hippogriff.
The hippogriff is heavily wounded.
The orc priest calls down the wrath of Beogh upon you.
Beogh smites you! The hippogriff bites you.
The hippogriff pecks you but does no damage.
The hippogriff claws you but does no damage.
The orc warrior hits your ball python with a +0 scimitar!
Your ball python dies!
You barely miss the hippogriff.
The hippogriff is heavily wounded.
The hippogriff bites you. The hippogriff pecks you.
The hippogriff claws you but does no damage.
You hit the hippogriff. You freeze the hippogriff.
The hippogriff is heavily wounded.
The hippogriff bites you but does no damage.
The hippogriff closely misses you. The hippogriff claws you.
The orc hits you but does no damage.
You hit the orc warrior. You freeze the orc warrior.
You kill the orc warrior!
The hippogriff bites you but does no damage.
The hippogriff closely misses you.
The hippogriff claws you but does no damage.
The orc hits you but does no damage.
You barely miss the orc.
The orc priest mumbles some strange prayers to Beogh against you.
Beogh smites you!
The hippogriff flaps its wings!
You are blown backwards!
The orc is blown away by the wind.
Casting: Ice Form (quite dangerous; 34% risk of failure)
Confirm with . or Enter, or press ? or * to list all spells.
You create a snake!
You now have arrows for 117 snakes.
Unknown command.
Casting: Sticks to Snakes (safe; 4% risk of failure)
Confirm with . or Enter, or press ? or * to list all spells.
You create a snake!
You now have arrows for 116 snakes.
The hippogriff bites you. The hippogriff pecks you.
* * * LOW HITPOINT WARNING * * *
The hippogriff claws you but does no damage.
Unknown command.
You punch the hippogriff! You freeze the hippogriff.
The hippogriff is almost dead.
The hippogriff bites you!
* * * LOW HITPOINT WARNING * * *
The hippogriff misses you.
The hippogriff claws you but does no damage.
The orc closely misses you. The orc priest hits you with a +0 club.
* * * LOW HITPOINT WARNING * * *
Your ball python completely misses the orc. x2
You barely miss the orc priest.
Your ball python bites the orc.
Your ball python closely misses the orc.
The hippogriff misses you. The hippogriff pecks you.
* * * LOW HITPOINT WARNING * * *
The hippogriff claws you.
* * * LOW HITPOINT WARNING * * *
The orc misses you. The orc priest hits you with a +0 club.
You die...

...# ##...###...###...##
...###
##)....##.รท.##.....##
.....#.#.......#...#.......#
..##...#.......'...'.......#
..# ..##.......#...#.......#
..##.####.....##...##.....##
..##....##...###...###...##
.........##### #SS.# #####
.....#.###...###Yo.# ...#
#.#..#.##.....##oH)# .....
.......#.......#o..#..o...
.#.....#..)....'...'....?.
...#...#.......#...#......
...#...##.....##...##.....
...#...###...##.....##...#
.#.#...# #####....#.######
##.#...# ................


You could see a hippogriff, an orc priest, 2 orcs and 2 friendly ball pythons.

Vanquished Creatures
  Joseph (D:7)
  A hungry ghost (D:6)
  3 orc warriors
  A necrophage (D:6)
  3 sky beasts
  3 phantoms
  2 centaurs (D:6)
  A bullfrog (D:7)
  A scorpion (D:5)
  8 wights
  A howler monkey (D:7)
  5 crimson imps
  A quasit (D:6)
  2 orc priests (D:5)
  6 orc wizards
  A bullfrog skeleton (D:5)
  2 iguanas
  Natasha (thrice) (D:4)
  5 worker ants
  A hound skeleton (D:6)
  A worker ant zombie (D:7)
  11 gnolls
  7 adders
  A shadow imp (D:6)
  3 oozes
  An adder skeleton (D:6)
  An adder zombie (D:6)
  4 worms
  8 leopard geckos
  17 orcs
  A ball python (D:4)
  7 giant cockroaches (D:1)
  5 goblins
  10 hobgoblins
  6 jackals
  5 kobolds
  6 quokkas
  6 bats
  3 frilled lizards
  5 rats
159 creatures vanquished.

Vanquished Creatures (collateral kills)
  An iguana (D:6)
1 creature vanquished.

Grand Total: 160 creatures vanquished

Notes
Turn   | Place    | Note
-------+----------+-------------------------------------------
     0 | D:1      | MisterOstroum the Draconian Wanderer began the quest for
                  | the Orb.
     0 | D:1      | MisterOstroum set off with the following items: a +0 spear,
                  | a potion of flight, a +0 dagger, a ration {!d}; and the
                  | following spell memorised: Beastly Appendage; and the
                  | following spells available to memorise: Sticks to Snakes,
                  | Passwall, Spider Form, Ice Form, Blade Hands
     0 | D:1      | Reached XP level 1. HP: 16/16 MP: 3/3
   122 | D:1      | Reached XP level 2. HP: 23/23 MP: 1/5
   221 | D:1      | Learned a level 2 spell: Passwall
   551 | D:1      | Reached XP level 3. HP: 29/29 MP: 4/6
  1104 | D:2      | Reached XP level 4. HP: 36/37 MP: 5/7
  1233 | D:2      | Noticed an ogre
  1612 | D:3      | Reached XP level 5. HP: 34/45 MP: 8/8
  1768 | D:3      | Found a white marble altar of Elyvilon.
  1826 | D:3      | Became a worshipper of Elyvilon the Healer
  1871 | D:3      | Found a faded altar of an unknown god.
  1871 | D:3      | Noticed a phantom
  1927 | D:3      | Killed a phantom
  1927 | D:3      | Reached skill level 1 in Maces & Flails
  1927 | D:3      | Reached skill level 1 in Dodging
  2060 | D:3      | Reached skill level 2 in Maces & Flails
  2164 | D:3      | Reached XP level 6. HP: 51/51 MP: 9/9
  2410 | D:3      | Learned a level 4 spell: Ice Form
  2780 | D:4      | Reached * piety under Elyvilon
  2818 | D:4      | Noticed Natasha
  2828 | D:4      | Killed Natasha
  2949 | D:4      | Reached skill level 3 in Maces & Flails
  3043 | D:4      | Noticed Natasha
  3054 | D:4      | Killed Natasha
  3485 | D:4      | Noticed Natasha
  3491 | D:4      | Killed Natasha
  3667 | D:5      | Entered Level 5 of the Dungeon
  3735 | D:5      | Your scales start taking on a dull iron-grey colour.
  3735 | D:5      | Reached XP level 7. HP: 40/59 MP: 10/10
  3735 | D:5      | Gained mutation: You can survive without breathing. [Grey
                  | Draconian growth]
  3953 | D:5      | Found Zashresul's Distillery.
  3978 | D:5      | Reached skill level 4 in Maces & Flails
  4024 | D:5      | Bought a potion of lignification for 30 gold pieces
  4024 | D:5      | Bought a potion of curing for 25 gold pieces
  4024 | D:5      | Bought a potion of heal wounds for 50 gold pieces
  4080 | D:5      | Reached ** piety under Elyvilon
  4351 | D:5      | Reached skill level 5 in Fighting
  4351 | D:5      | Reached skill level 5 in Maces & Flails
  4637 | D:5      | Reached XP level 8. HP: 68/68 MP: 11/11
  4641 | D:5      | Learned a level 2 spell: Sticks to Snakes
  4787 | D:5      | Reached skill level 1 in Ice Magic
  4835 | D:5      | Reached skill level 6 in Maces & Flails
  5491 | D:6      | Reached skill level 7 in Maces & Flails
  5517 | D:6      | Found a burning altar of Makhleb.
  5570 | D:6      | Reached XP level 9. HP: 74/74 MP: 12/12
  5571 | D:6      | Reached skill level 5 in Transmutations
  5749 | D:6      | Found a staircase to the Ecumenical Temple.
  5755 | Temple   | Entered the Ecumenical Temple
  5901 | D:7      | Reached *** piety under Elyvilon
  5903 | D:7      | Noticed Joseph
  5921 | D:7      | Killed Joseph
  6218 | D:7      | Reached skill level 5 in Dodging
  6404 | D:7      | Reached skill level 5 in Ice Magic
  6425 | D:7      | HP: 2/88 [hippogriff (6)]
  6425 | D:7      | Slain by an orc priest

Skill      XL: |  1  2  3  4  5  6  7  8  9 |
---------------+----------------------------+-----
Transmutations | 2 3 4 5 |  5.9
Fighting       | 2 3 4 5 |  5.5
Maces & Flails | 2 3 5 7 |  7.3
Dodging        | 1 2 3 4 5 |  5.0
Ice Magic      | 2 5 |  5.2
Polearms       | |  2.0
Stealth        | |  2.0
Unarmed Combat | |  0.6
Spellcasting   | |  2.0
Summonings     | |  2.0

Action                   |  1- 3 |  4- 6 |  7- 9 || total
-------------------------+-------+-------+-------++-------
Melee: Spear             |   121 |    79 |    75 ||   275
       Kick              |     6 |    10 |     7 ||    23
       Tailslap          |    10 |    13 |    38 ||    61
       Headbutt          |     4 |     4 |    10 ||    18
       Whip              |       |   129 |   257 ||   386
       Unarmed           |       |       |    14 ||    14
Throw: Stone             |    28 |    60 |    45 ||   133
       Tomahawk          |       |       |    16 ||    16
 Cast: Beastly Appendage |    25 |    11 |    17 ||    53
       Sticks to Snakes  |       |       |    21 ||    21
       Ice Form          |       |       |     1 ||     1
Invok: Lesser Healing    |       |       |     1 ||     1
  Use: Scroll            |     1 |     4 |     6 ||    11
       Potion            |       |       |     1 ||     1
 Stab: Sleeping          |     7 |     5 |     1 ||    13
       Distracted        |       |       |     1 ||     1
  Eat: Chunk             |     5 |    14 |    19 ||    38
       Ration            |       |       |     2 ||     2
Armor: Skin              |    34 |    47 |   119 ||   200
Dodge: Dodged            |    59 |    92 |   167 ||   318
       Deflected         |       |     2 |     6 ||     8
